 Dungeon Crawl Stone Soup version 0.31-a0-496-g6f97920a28 (webtiles) character file.

Game seed: 3236674133324527035

1078 kae the Changeling (level 8, -4/59 HPs)
             Began as a Pale Draconian Shapeshifter on Aug 8, 2023.
             Slain by Prince Ribbit (9 damage)
             ... on level 6 of the Dungeon.
             The game lasted 00:03:44 (4684 turns).

kae the Changeling (Pale Draconian Shapeshifter)    Turns: 4684, Time: 00:03:45

Health: -4/59      AC:  6    Str: 17    XL:     8   Next: 8%
Magic:  8/8        EV: 12    Int:  8    God:
Gold:   1689       SH:  0    Dex: 15    Spells: 7/7 levels left

rFire   + .          .
                       - Unarmed
rCold   . . .        (no shield)
rNeg    . . .        (body armour unavailable)
rPois   .            (helmet currently unavailable)
rElec   .            (cloak currently unavailable)
rCorr   .            (gloves currently unavailable)
SInv    .            (boots currently unavailable)
Will    +....        (no amulet)
Stlth   +            F - ring of protection from fire
HPRegen 0.29/turn    j - ring of willpower
MPRegen 0.11/turn

%: no passive effects
@: short of breath, beast-form, studying Unarmed Combat
A: beast (slay +4), breathe steam, AC +6, unfitting armour, cold-blooded, steam
resistance
a: Breathe Steam, Begin Untransformation


You were on level 6 of the Dungeon.
You were a hulking beast.
You visited 1 branch of the dungeon, and saw 6 of its levels.

You collected 1689 gold pieces.


Innate Abilities, Weirdness & Mutations

You are a hulking beast.
Your limbs bulge with bestial killing power. (Slay +4)
You can breathe blasts of scalding, opaque steam.
Your pale cyan-grey scales are hard. (AC +6)
You cannot fit into any form of body armour.
You are cold-blooded and may be slowed by cold attacks.
You are immune to the effects of steam.


   Skills:
 - Level 1.1 Fighting
 - Level 1.7 Dodging
 + Level 6.3 Unarmed Combat
 * Level 7.1 Shapeshifting


You had 7 spell levels left.
You didn't know any spells.
Your spell library contained the following spells:

 Spells                   Type           Power      Damage    Failure   Level
 Sandblast                Erth           0%         2d4       41%         1
 Passwall                 Tmut/Erth      0%         N/A       54%         2
 Stone Arrow              Conj/Erth      0%         3d7       78%         3
 Volatile Blastmotes      Fire/Tloc      0%         2d10      78%         3
 Fulminant Prism          Conj/Hex       0%         3d5       99%         4
 Iskenderun's Mystic Bla  Conj/Tloc      0%         2d3       99%         4

Inventory:

Missiles
 f - 5 boomerangs
 i - 37 stones
Jewellery
 j - a ring of willpower (right hand)
   (You found it on level 1 of the Dungeon)
 C - a ring of ice
   (You found it on level 2 of the Dungeon)
 F - a ring of protection from fire (left hand)
   (You found it on level 1 of the Dungeon)
Talismans
 b - a beast talisman (active)
 c - a flux talisman
Scrolls
 e - 6 scrolls of teleportation {@r4}
Potions
 a - a potion of lignification {!q}
 d - 2 potions of haste {@q3}
 g - a potion of enlightenment {unknown}
 h - 4 potions of curing {@q1}
 k - a potion of cancellation {unknown}

Dungeon Overview and Level Annotations

Branches:
Dungeon (6/15) Zot: 26971
 Temple: D:4-7

Altars:
Dithmenos
Hepliaklqana
Nemelex Xobeh

Annotations:
D:6 Prince Ribbit

.... #..#
......#..##
≈≈≈≈.#§§§#
..≈.#§§§#
#.≈.#§#
#h≈.#§#
#.≈.#§#
#.S.#h#
#F.# #..#
#.## #.#
#.. #.. #.#
..#


You could see Prince Ribbit.


Message History

You now have 343 gold pieces (gained 6).
You see here a +0 leather armour.
You open the door.
There is an open door here.
Done exploring.
No target in view!
No target in view!
Done exploring.
No target in view!
No target in view!
Done exploring.
No target in view!
No target in view!
Done exploring.
Done exploring.
Okay, then.
Unknown command.
Done exploring.
Done exploring.
There is an open door here.
There is a stone staircase leading down here.
You climb downwards.
There is a stone staircase leading up here.
As you read the scroll labelled IGHIYLLU VIGOA, it crumbles to dust.
It is a scroll of enchant armour.
You aren't carrying any armour which can be enchanted further.
As you read the scroll labelled IWILEL PYSENYM, it dissolves into smoke.
It was a scroll of fog.
Unknown command.
This is a scroll of acquirement!
Something appears at your feet!
You now have 1032 gold pieces (gained 689).
Something appears at your feet!
You now have 1689 gold pieces (gained 657).
You see here a manual of Unarmed Combat.
Something appears at your feet!
You pick up a manual of Unarmed Combat {!d} and begin studying.
Okay, then.
Okay, then.
Okay, then.
e - 6 scrolls of teleportation {@r4} (gained 1)
An electric eel comes into view.
Unknown command.
An electric eel is nearby!
An electric eel is nearby!
Prince Ribbit comes into view.
Prince Ribbit gives a loud, deep croak!
You hear an angry hiss.
A hound comes into view.
Prince Ribbit barely misses you.
You barely miss Prince Ribbit. Prince Ribbit hits you! 😕 HP[-8]
You take 8 damage, and now have 51/59 hp. 😕 HP[+1]
You miss Prince Ribbit. You tail-slap Prince Ribbit. Prince Ribbit hits you!
Prince Ribbit closely misses you.
You hit Prince Ribbit. Prince Ribbit hits you!
* * * LOW HITPOINT WARNING * * *
You hear an angry hiss. 😨 HP[-23]
You take 23 damage, and now have 29/59 hp.
MASSIVE DAMAGE!! (PAUSE)
You hit Prince Ribbit.
Your tail-slap misses Prince Ribbit.
Prince Ribbit misses you.
Unknown command.
You completely miss Prince Ribbit.
Your tail-slap misses Prince Ribbit.
Prince Ribbit hits you but does no damage. 😮 HP[+1] Unknown command.
You hit Prince Ribbit. Prince Ribbit closely misses you.
Prince Ribbit hits you!
* * * LOW HITPOINT WARNING * * *
😨 HP[-12]
You take 12 damage, and now have 18/59 hp.
MASSIVE DAMAGE!! (PAUSE)
You barely miss Prince Ribbit.
Prince Ribbit blinks!
An iguana comes into view.
Unknown command.
You punch the iguana! The iguana barely misses you.
Unknown command.
You hit the iguana. The iguana bites you.
* * * LOW HITPOINT WARNING * * *
😨 HP[-1]
You take 1 damage, and now have 17/59 hp.
You punch the iguana!
You kill the iguana!
You start resting.
Prince Ribbit is nearby!
Aiming: Breathe Steam (1% risk of failure)
Press: ? - help, Shift-Dir - straight line, f - Prince Ribbit
Aim: Prince Ribbit (black smoke, heavily wounded, 50% to hit)
You exhale a blast of scalding steam.
The ball of steam hits Prince Ribbit.
Prince Ribbit closely misses you.
Prince Ribbit lets out a mournful croak.
Prince Ribbit hits you!
* * * LOW HITPOINT WARNING * * *
😱 HP[-12]
You take 12 damage, and now have 5/59 hp.
MASSIVE DAMAGE!! (PAUSE)
You miss Prince Ribbit. Prince Ribbit hits you!
You die...

Skill      XL: |  1  2  3  4  5  6  7 |
---------------+----------------------+-----
Shapeshifting  | 4 5 7 |  7.1
Unarmed Combat | 4 5 6 |  6.3
Fighting       | |  1.1
Dodging        | |  1.7

Action                     |  1- 3 |  4- 6 |  7- 9 || total
---------------------------+-------+-------+-------++-------
  Melee: Unarmed           |    92 |   204 |    94 ||   390
         Tailslap          |     8 |    18 |    15 ||    41
         Punch             |     1 |     2 |     3 ||     6
Ability: Breathe Steam     |       |       |     1 ||     1
    Use: Scroll            |     4 |     5 |     5 ||    14
   Stab: Sleeping          |       |     2 |       ||     2
 Armour: Skin              |    28 |    59 |    11 ||    98
  Dodge: Dodged            |    58 |   100 |    48 ||   206

Levels and vault maps discovered:
D:1:      dpeg_arrival_rooms_a, layout_loops_cross, minmay_misc_feat_alley
D:2:      layout_basic, nicolae_the_louvre
D:3:      layout_basic, chequers_ecumenical_altar_simple_redux
D:4:      layout_rooms, riverfiend_overflow_shadow_ancestor, skrybe_limestone_x,
          kennysheep_flooded_box, minmay_gold_behind_fungi,
          serial_bayou_crossing, uniq_robin
D:5:      kb_forest_paths, layout_basic, mainiacjoe_overflow_alcove_2,
          serial_curves, eino_curves_01, eino_curves_01
D:6:      layout_basic, nicolae_overflow_squiral, serial_shops, shop,
          corexii_leaking_fountain, uniq_prince_ribbit1

Notes
Turn   | Place    | Note
-------+----------+-------------------------------------------
     0 | D:1      | kae the Draconian Shapeshifter began the quest for the Orb.
     0 | D:1      | Reached XP level 1. HP: 16/16 MP: 1/1
     0 | D:1      | magus.rc [v1.11.3]
     6 | D:1      | You fall into a shaft and drop 1 floor!
    30 | D:2      | HP: 4/16 [poisoned by an adder]
    31 | D:2      | Reached XP level 2. HP: 6/23 MP: 2/2
    35 | D:2      | HP: 3/23 [poisoned by an adder]
   126 | D:2      | You pick up a book of Blasting and begin reading...
   126 | D:2      | You add the spells Volatile Blastmotes, Fulminant Prism and
                  | Iskenderun's Mystic Blast to your library.
   448 | D:1      | Reached XP level 3. HP: 28/28 MP: 3/3
  1066 | D:2      | Reached skill level 4 in Shapeshifting
  1181 | D:2      | Reached XP level 4. HP: 35/35 MP: 4/4
  1589 | D:3      | Found a faded altar of an unknown god.
  2020 | D:3      | Reached skill level 4 in Unarmed Combat
  2278 | D:4      | HP: 8/35 [jackal (1)]
  2405 | D:3      | Reached XP level 5. HP: 14/40 MP: 5/5
  2704 | D:4      | Noticed Robin
  2718 | D:4      | Reached skill level 5 in Shapeshifting
  2718 | D:4      | Reached XP level 6. HP: 30/47 MP: 6/6
  2875 | D:4      | Killed Robin
  3025 | D:4      | Noticed a shadow
  3026 | D:4      | Found a shadowy altar of Dithmenos.
  3027 | D:4      | Found a hazy altar of Hepliaklqana.
  3154 | D:4      | HP: 10/47 [ogre/+0 giant club (29)]
  3156 | D:4      | Reached skill level 5 in Unarmed Combat
  3160 | D:4      | HP: 3/47 [orc/+0 flail (7)]
  3544 | D:5      | Entered Level 5 of the Dungeon
  3562 | D:5      | Your scales start taking on a pale cyan-grey colour.
  3562 | D:5      | Reached XP level 7. HP: 48/52 MP: 7/7
  3562 | D:5      | Gained mutation: You are immune to the effects of steam.
                  | [Pale Draconian growth]
  3580 | D:5      | Reached skill level 6 in Shapeshifting
  3634 | D:5      | Found a sparkling altar of Nemelex Xobeh.
  4063 | D:5      | Reached skill level 6 in Unarmed Combat
  4199 | D:5      | Reached skill level 7 in Shapeshifting
  4320 | D:5      | Reached XP level 8. HP: 59/59 MP: 8/8
  4433 | D:5      | You pick up a book of Geomancy and begin reading...
  4433 | D:5      | You add the spells Sandblast, Passwall and Stone Arrow to
                  | your library.
  4658 | D:6      | Identified 3 scrolls of acquirement
  4658 | D:6      | Acquired 689 gold pieces
  4660 | D:6      | Acquired 657 gold pieces
  4662 | D:6      | Acquired a manual of Unarmed Combat
  4669 | D:6      | Noticed Prince Ribbit
  4683 | D:6      | HP: 5/59 [Prince Ribbit (13)]
  4684 | D:6      | Slain by Prince Ribbit

Vanquished Creatures
  2 ogres
  A phantom (D:5)
  5 scorpions
  A howler monkey (D:5)
  A hound (D:5)
  2 orc priests
  A sleepcap (D:5)
  3 iguanas
  3 orc wizards
  Robin (D:4)
  9 adders
  A shadow imp (D:5)
  An ufetubus (D:4)
  4 worms
  14 orcs
  6 bats
  5 endoplasms
  2 giant cockroaches
  15 goblins
  12 hobgoblins
  9 jackals
  4 quokkas
  7 ball pythons
  3 frilled lizards
  10 kobolds
  2 rats (D:2)
124 creatures vanquished.

Table legend:
 A = Non-vault XP
 B = Vault XP
 C = Vault XP percentage of total XP
 D = Non-vault monster count
 E = Vault monster count
 F = Vault count percentage of total count
                 A         B        C        D         E       F
            +---------+---------+-------+---------+---------+-------
      Total |    1183 |     358 |  23.2 |     105 |      19 |  15.3
            +---------+---------+-------+---------+---------+-------
        D:1 |      15 |       0 |   0.0 |      10 |       0 |   0.0
        D:2 |     102 |       0 |   0.0 |      28 |       0 |   0.0
        D:3 |     127 |       0 |   0.0 |      23 |       0 |   0.0
        D:4 |     415 |      39 |   8.6 |      31 |      13 |  29.5
        D:5 |     487 |     319 |  39.6 |      12 |       6 |  33.3
        D:6 |      37 |       0 |   0.0 |       1 |       0 |   0.0
            +---------+---------+-------+---------+---------+-------

Skill      XL: |  1  2  3  4  5  6  7 |
---------------+----------------------+-----
Shapeshifting  | 4 5 7 |  7.1
Unarmed Combat | 4 5 6 |  6.3
Fighting       | |  1.1
Dodging        | |  1.7

Action                     |  1- 3 |  4- 6 |  7- 9 || total
---------------------------+-------+-------+-------++-------
  Melee: Unarmed           |    92 |   204 |    94 ||   390
         Tailslap          |     8 |    18 |    15 ||    41
         Punch             |     1 |     2 |     3 ||     6
Ability: Breathe Steam     |       |       |     1 ||     1
    Use: Scroll            |     4 |     5 |     5 ||    14
   Stab: Sleeping          |       |     2 |       ||     2
 Armour: Skin              |    28 |    59 |    11 ||    98
  Dodge: Dodged            |    58 |   100 |    48 ||   206

Illustrated notes

Table legend:
 A = Kills in this place as a percentage of kills in the entire game.
 B = Kills by you in this place as a percentage of kills by you in the entire game.
 C = Kills by friends in this place as a percentage of kills by friends in the entire game.
 D = Other kills in this place as a percentage of other kills in the entire game.
 E = Experience gained in this place as a percentage of experience gained in the entire game.
 F = Experience gained in this place divided by the number of levels of this place that you have seen.
                   A       B       C       D       E      F
               +-------+-------+-------+-------+-------+----------------------
         Total | 100.0 | 100.0 |   N/A |   N/A | 100.0 | 256.8
       Dungeon | 100.0 | 100.0 |   N/A |   N/A | 100.0 | 256.8
               +-------+-------+-------+-------+-------+----------------------

Table legend: (Time is in decaauts)
 A = Elapsed time spent in this place.
 B = Non-inter-level travel time spent in this place.
 C = Inter-level travel time spent in this place.
 D = Time resting spent in this place.
 E = Time spent auto-exploring this place.
 F = Levels seen in this place.
 G = Mean time per level.
                   A        B        C        D        E       F      G
               +--------+--------+--------+--------+--------+-----+--------+
         Total |   4661 |   4516 |    145 |    765 |   2926 |   6 |  776.8 |
       Dungeon |   4661 |   4516 |    145 |    765 |   2926 |   6 |  776.8 |
               +--------+--------+--------+--------+--------+-----+--------+

Top non-repeatable levels by time:
     D:4: 1103 daAuts
     D:5: 1101 daAuts
     D:3: 906 daAuts
     D:2: 869 daAuts
     D:1: 653 daAuts
     D:6: 27 daAuts
